cohdb
Replays
Latest Replays
All Replays
Popular Replays
Top Player Replays
Match Explorer
How It Works
Community
CoH3 Stats
Reddit
Sign in to upload your games and track your stats! →
Sign in with Steam
Match 42070227
Unlisted
Match 42070227
Overview
Messages
Build Orders
End
Construct Barracks
Engineer Squad
Riflemen Squad
Selects Special Operations Battlegroup
Riflemen Squad
Selects Raiding Flares
Grenade Package
Construct Weapon Support Center
Construct Medical Station
Air Support Center
.30 cal Machine Gun
M1918 Browning Automatic Rifles
Selects SSF Commando Squad
SSF Commando Squad
Selects Assault Operation
AI Takeover
LA7MA9
juniorbokka
和尚
UH|dun! ツ
Zudikas
esparde
0
0
Comments
sign in to comment!
No comments posted yet!